 Dungeon Crawl Stone Soup version 0.19.3-1-g3169bf9 (webtiles) character file.

62 Clownie the Chopper (level 4, 0/29 HPs)
             Began as a Formicid Gladiator on Jan 26, 2017.
             Slain by an adder (2 damage)
             ... on level 2 of the Dungeon.
             The game lasted 00:02:07 (1506 turns).

Clownie the Chopper (Formicid Gladiator)            Turns: 1506, Time: 00:02:07

Health: 0/29       AC:  9    Str: 26    XL:     4   Next: 28%
Magic:  4/4        EV:  9    Int:  7    God:
Gold:   41         SH:  0    Dex: 11    Spells: 0 memorised, 3 levels left

rFire  + . .     SeeInvis +     a - +0 war axe
rCold  + . .     Gourm    .     f - +0 chain mail
rNeg   . . .     Faith    .     (no shield)
rPois  +         Spirit   .     (helmet unavailable)
rElec  +         Reflect  .     (no cloak)
rCorr  +         Harm     .     (no gloves)
MR     .....                    (no boots)
Stlth  ..........               (no amulet)
                                (no ring)
                                (no ring)

@: mighty, lethally poisoned (0 -> -3), resistant
A: permanent stasis, dig shafts and tunnels, four strong arms, antennae 3, frail
1, poison resistance, shaggy fur 1
a: Dig, Shaft Self


You were on level 2 of the Dungeon.
You were not hungry.

You visited 1 branch of the dungeon, and saw 2 of its levels.

You collected 41 gold pieces.

Inventory:

Hand Weapons
 a - a +0 war axe (weapon)
Missiles
 c - 3 throwing nets (quivered)
Armour
 f - a +0 chain mail (worn)
Scrolls
 b - 2 scrolls of identify {unknown}
 g - a scroll of recharging {unknown}
 j - 2 scrolls of noise {unknown}
Comestibles
 d - 2 bread rations
 i - a meat ration
 l - a royal jelly


   Skills:
 - Level 2.1 Fighting
 * Level 4.4 Axes
 - Level 2.0 Throwing
 + Level 1.5 Armour
 - Level 2.6 Dodging


You had 3 spell levels left.
You didn't know any spells.

Dungeon Overview and Level Annotations

Branches:
Dungeon (2/15)

Altars:
Qazlal


Innate Abilities, Weirdness & Mutations

You are under a permanent stasis effect.
You can dig through walls and to a lower floor.
Your four strong arms can wield two-handed weapons with a shield.
You have a pair of large antennae on your head. (SInv)
You are frail. (-10% HP)
Your system is resistant to poisons. (rPois)
You are covered in fur. (AC +1)


Message History

The adder poisons you!
It was a potion of mutation.
You feel extremely strange.
You feel frail.
You feel resistant to poisons. Fur sprouts all over your body.
* * * LOW HITPOINT WARNING * * *
You feel sick. The adder bites you but does no damage.
The adder barely misses you.
It was a potion of might.
You feel very mighty all of a sudden. The adder bites you but does no damage.
It was a potion of resistance.
You feel protected.
* * * LOW HITPOINT WARNING * * *
You feel sick. The adder closely misses you.
Your chain mail prevents you from hitting the adder.
The adder is almost dead.
The adder bites you but does no damage. x2
Your chain mail prevents you from hitting the adder.
The adder is almost dead.
The adder bites you.
You die...

#.......#####.###
#................
#.............#
#.............# ##
#...........###
...#.......###.##
.............#.##.
..#....###<.#.##.######
#...@(......##......#
{#.##S###....####.....
.. ...............#..
## .......#.†.....[#..
.....####........#..
...%.......####.###..
#..............#.#....
############...##'##..
#...........#.#..


You could see an adder.

Vanquished Creatures
  An adder (D:2)
  A worm (D:2)
  2 dart slugs (D:1)
  2 leopard geckos (D:1)
  2 ball pythons
  5 giant cockroaches
  3 goblins (D:1)
  5 hobgoblins (D:1)
  4 jackals (D:1)
  9 kobolds (D:1)
  5 bats
  A frilled lizard (D:1)
  A rat (D:1)
41 creatures vanquished.

Vanquished Creatures (others)
  A plant (D:1)
1 creature vanquished.

Grand Total: 42 creatures vanquished

Notes
Turn   | Place    | Note
-------+----------+-------------------------------------------
     0 | D:1      | Clownie the Formicid Gladiator began the quest for the Orb.
     0 | D:1      | Reached XP level 1. HP: 16/16 MP: 1/1
    84 | D:1      | Reached XP level 2. HP: 21/22 MP: 2/2
   286 | D:1      | Reached XP level 3. HP: 27/27 MP: 3/3
   447 | D:1      | Reached skill level 1 in Armour
   460 | D:1      | Reached skill level 4 in Axes
  1218 | D:2      | Reached XP level 4. HP: 24/33 MP: 4/4
  1396 | D:2      | Found a stormy altar of Qazlal.
  1502 | D:2      | Gained mutation: You are frail. (-10% HP) [potion of mutation]
  1502 | D:2      | Gained mutation: Your system is resistant to poisons. (rPois) [potion of mutation]
  1502 | D:2      | Gained mutation: You are covered in fur. (AC +1) [potion of mutation]
  1504 | D:2      | HP: 1/29 [poisoned by an adder]
  1506 | D:2      | Slain by an adder

Skill      XL: |  1  2  3 |
---------------+----------+-----
Armour         | 1 |  1.5
Axes           | 4 |  4.4
Fighting       | |  2.1
Throwing       | |  2.0
Dodging        | |  2.6

Action                   |  1- 3 |  4- 6 || total
-------------------------+-------+-------++-------
Melee: War axe           |   116 |    39 ||   155
  Use: Potion            |       |     3 ||     3
  Eat: Chunk             |     1 |     1 ||     2
Armor: Leather armour    |     2 |       ||     2
       Chain mail        |    57 |    32 ||    89
Dodge: Dodged            |    68 |    20 ||    88
